 Dungeon Crawl Stone Soup version 0.24-a0-779-g36f0aeb (webtiles) character file.

Game seed: 11456846348831751269, levelgen mode: deterministic

55 2tousent the Slasher (level 3, -1/46 HPs)
             Began as a Minotaur Monk on Oct 7, 2019.
             Slain by a hobgoblin (3 damage)
             ... on level 2 of the Dungeon.
             The game lasted 00:02:24 (954 turns).

2tousent the Slasher (Minotaur Monk)                 Turns: 954, Time: 00:02:24

Health: -1/46      AC: 21    Str: 15    XL:     3   Next: 67%
Magic:  2/2        EV:  2    Int:  7    God:
Gold:   55         SH:  0    Dex: 13    Spells: 2/2 levels left

rFire    . . .     SeeInvis .   a - +0 falchion
rCold    . . .     Gourm    .   (no shield)
rNeg     + + +     Faith    .   (armour currently unavailable)
rPois    +         Spirit   .   (helmet currently unavailable)
rElec    .         Reflect  .   (cloak currently unavailable)
rCorr    .         Harm     .   (gloves currently unavailable)
MR       .....     NoTele   +   (boots currently unavailable)
Stlth    ++........             (no amulet)
HPRegen  0.15/turn              (no ring)
MPRegen  0.08/turn              (no ring)

@: tree-form
A: (retaliatory headbutt)
a: no special abilities


You were on level 2 of the Dungeon.
You were not hungry.
You were a tree.
You visited 1 branch of the dungeon, and saw 2 of its levels.

You collected 55 gold pieces.

Inventory:

Hand Weapons
 a - a +0 falchion (weapon)
Armour
 b - a +0 robe
 i - a +0 leather armour (melded)
Scrolls
 d - 2 scrolls of remove curse {unknown}
 e - a scroll of blinking {unknown}
 f - a scroll of identify {unknown}
 h - a scroll of teleportation {unknown}
Potions
 g - a potion of lignification
Comestibles
 c - 2 rations
 j - 2 chunks of flesh


   Skills:
 - Level 3.6 Fighting
 * Level 5.7 Long Blades
 - Level 3.2 Dodging
 - Level 1.5 Stealth


You had 2 spell levels left.
You didn't know any spells.
Your spell library was empty.

Dungeon Overview and Level Annotations

Branches:
Dungeon (2/15)

Altars:


Innate Abilities, Weirdness & Mutations

((You reflexively headbutt those who attack you in melee.))
((You have a pair of horns on your head.))


Message History

The hobgoblin hits you but does no damage.
The kobold barely misses you.
You riposte.
You hit the kobold.
You kill the kobold!
The gnoll hits you but does no damage.
You hit the hobgoblin.
The hobgoblin is almost dead.
The hobgoblin hits you but does no damage.
The gnoll hits you but does no damage.
You hit the hobgoblin but do no damage.
The hobgoblin is severely wounded.
The hobgoblin hits you but does no damage.
The gnoll hits you but does no damage.
You closely miss the hobgoblin.
The hobgoblin is severely wounded.
The hobgoblin hits you but does no damage.
The gnoll barely misses you.
You barely miss the hobgoblin.
The hobgoblin is severely wounded.
The hobgoblin hits you.
You die...

#. ... # # #.#
.# .# #.# .#.#
#.# ...# #.#
#.%#
#.###.###..##
#).....♣gg..#
#####.###g##.#
#......#
#..##### #..#
#..# #..# #..#
#..#


You could see 2 gnolls and a hobgoblin.

Vanquished Creatures
  A gnoll (D:2)
  2 worms (D:2)
  A dart slug (D:1)
  3 leopard geckos
  A giant cockroach (D:2)
  4 hobgoblins
  4 kobolds
  2 ball pythons (D:2)
  4 bats
  3 frilled lizards (D:1)
  8 goblins (D:1)
  3 rats
36 creatures vanquished.

Notes
Turn   | Place    | Note
-------+----------+-------------------------------------------
     0 | D:1      | 2tousent the Minotaur Monk began the quest for the Orb.
     0 | D:1      | Reached XP level 1. HP: 19/19 MP: 0/0
    38 | D:1      | Reached skill level 4 in Long Blades
   166 | D:1      | Reached XP level 2. HP: 23/26 MP: 1/1
   288 | D:1      | Reached skill level 5 in Long Blades
   442 | D:1      | Reached XP level 3. HP: 31/31 MP: 2/2
   934 | D:2      | HP: 1/46 [gnoll/+0 spear (2)]
   949 | D:2      | HP: 1/46 [gnoll/+0 spear (2)]
   954 | D:2      | Slain by a hobgoblin

Levels and vault maps discovered:
D:1:      nzn_arrival_depleted_hourglass, layout_basic
D:2:      layout_loops_ring, tso_altar, first_ration,
          chequers_serial_rivers_small_b

Skill      XL: |  1  2 |
---------------+-------+-----
Long Blades    | 4 5 |  5.7
Fighting       | |  3.6
Dodging        | |  3.2
Stealth        | |  1.5

Action                   || total
-------------------------++-------
Melee: Falchion          ||    98
       Headbutt          ||    13
  Use: Potion            ||     1
 Stab: Sleeping          ||     3
Armor: Robe              ||    12
       Skin              ||    36
       Leather armour    ||     3
Dodge: Dodged            ||    44
       Rpst.: Falchion   ||    10

Table legend:
 A = Non-vault XP
 B = Vault XP
 C = Vault XP percentage of total XP
 D = Non-vault monster count
 E = Vault monster count
 F = Vault count percentage of total count
                 A         B        C        D         E       F
            +---------+---------+-------+---------+---------+-------
      Total |      79 |       0 |   0.0 |      36 |       0 |   0.0
            +---------+---------+-------+---------+---------+-------
        D:1 |      41 |       0 |   0.0 |      24 |       0 |   0.0
        D:2 |      38 |       0 |   0.0 |      12 |       0 |   0.0
            +---------+---------+-------+---------+---------+-------
